 Dungeon Crawl Stone Soup version 0.30-a0-1002-ga41ad49a19 (webtiles) character file.

Game seed: 3275474853432982699

105 ANON1729 the Sneak (level 4, -6/30 HPs)
             Began as an Octopode Brigand on Apr 4, 2023.
             Mangled by an ogre
             ... wielding a +0 giant club
              (26 damage)
             ... on level 3 of the Dungeon on Apr 5, 2023.
             The game lasted 00:08:12 (1847 turns).

ANON1729 the Sneak (Octopode Brigand)               Turns: 1847, Time: 00:08:13

Health: -6/30      AC:  1    Str: 10    XL:     4   Next: 81%
Magic:  4/4        EV: 13    Int: 15    God:
Gold:   108        SH:  0    Dex: 13    Spells: 1/3 levels left

rFire   . . .      SeeInvis .    l - +0 short sword (venom)
rCold   . . .      Faith    .    (no shield)
rNeg    . . .      Spirit   .    (helmet restricted)
rPois   .          Reflect  .    e - amulet of the acrobat
rElec   .          Rampage  .    (no ring)
rCorr   .                        (no ring)
Will    .....                    (no ring)
Stlth   ++++                     (no ring)
HPRegen 0.25/turn                (no ring)
MPRegen 0.09/turn                (no ring)
                                 (no ring)
                                 (no ring)

@: no status effects
A: almost no armour, amphibious, 8 rings, camouflage 1, gelatinous body 1,
(nimble swimmer 1), tentacles
a: no special abilities


You were on level 3 of the Dungeon.
You visited 1 branch of the dungeon, and saw 3 of its levels.

You collected 108 gold pieces.

Inventory:

Hand Weapons
 a - a +2 dagger
 l - a +0 short sword of venom (weapon)
Missiles
 j - 4 atropa-tipped darts (quivered)
Jewellery
 e - an amulet of the acrobat (around mantle)
Scrolls
 c - a scroll of torment {unknown}
 f - 4 scrolls of identify {unknown}
 g - a scroll of fog {unknown}
 h - a scroll of enchant weapon {unknown}
 i - a scroll of brand weapon {unknown}
 m - a scroll of magic mapping {unknown}
Potions
 b - a potion of invisibility {unknown}
 k - 2 potions of degeneration {unknown}


   Skills:
 + Level 2.6 Fighting
 + Level 2.7 Short Blades
 - Level 2.5 Throwing
 + Level 2.0 Dodging
 + Level 6.0 Stealth
 + Level 0.2 Spellcasting
 + Level 0.4 Air Magic
 * Level 1.0 Poison Magic


You had one spell level left.
You knew the following spells:

 Your Spells              Type           Power      Damage    Failure   Level
a - Poisonous Vapours     Pois/Air       4%         N/A       30%         2

Your spell library contained the following spells:

 Spells                   Type           Power      Damage    Failure   Level
 Cigotuvi's Dreadful Rot  Necr/Pois/Air  2%         N/A       32%         2
 Mephitic Cloud           Conj/Pois/Air  1%         N/A       54%         3
 Summon Forest            Summ/Tloc      0%         N/A       100%        5
 Summon Mana Viper        Hex/Summ       0%         N/A       100%        5
 Summon Cactus Giant      Summ           0%         N/A       100%        6


Dungeon Overview and Level Annotations

Branches:
Dungeon (3/15)

Altars:
Ru


Innate Abilities, Weirdness & Mutations

You cannot wear most types of armour.
You are amphibious.
You can wear up to eight rings at the same time.
Your skin changes colour to match your surroundings (Stealth+).
Your rubbery body absorbs attacks. (AC +1, EV +1)
((You are camouflaged when in or above water. (Stealth+)))
You have tentacles for arms and can constrict up to eight enemies at once.


Message History

The goblin attacks as you move away! The goblin barely misses you.
The goblin attacks as you move away! The goblin completely misses you.
The goblin attacks as you move away! The goblin misses you.
You hit the goblin.
You kill the goblin!
The goblin attacks as you move away! The goblin closely misses you.
You hit the goblin.
You kill the goblin!
Throw: 5 darts (atropa)
Press: ? - help, Shift-Dir - straight line, f - ogre
Aim: an ogre, wielding a +0 giant club (74% to hit, chance to blind on hit: 70%)
You throw an atropa-tipped dart. The atropa-tipped dart hits the ogre!
The ogre resists.
Toss (no damage): 3 fizzy red potions
Press: ? - help, Q - select action, (/) - cycle Shift-Dir - straight line, f/p - ogre
Aim: an ogre, wielding a +0 giant club You toss away a fizzy red potion.
The fizzy red potion hits the ogre but does no damage.
The goblin hits you but does no damage.
Toss (no damage): 2 fizzy red potions
Press: ? - help, Q - select action, (/) - cycle Shift-Dir - straight line, f/p - ogre
Aim: an ogre, wielding a +0 giant club You toss away a fizzy red potion.
The fizzy red potion barely misses the ogre.
The goblin barely misses you. The goblin hits you with a +0 dagger.
The ogre hits you with a +0 giant club.
You hit the ogre.
The ogre is lightly wounded.
The goblin hits you with a +0 dagger.
You hit the ogre.
The ogre is poisoned.
The ogre is moderately wounded.
The ogre hits you with a +0 giant club. The goblin completely misses you.
Toss (no damage): fizzy red potion
Press: ? - help, Q - select action, (/) - cycle Shift-Dir - straight line, f/p - ogre
Aim: an ogre, wielding a +0 giant club (moderately wounded, very poisoned)
You toss away a fizzy red potion.
The fizzy red potion barely misses the ogre.
The ogre hits you with a +0 giant club!!
Ouch! That really hurt!
You die...

##########
##........##
##..........##
#............#
#............#
#.......g@...#
#####.....)O..<##
.........!....##
#####..(!....# ###
#!.##.####### #.##
#.##........# + #..#
#.##........#
.####.###...........#
..###...O..#".......#


You could see an ogre (very poisoned) and a goblin.

Vanquished Creatures
  Natasha (twice) (D:2)
  2 worms
  3 endoplasms
  3 giant cockroaches (D:1)
  6 goblins
  3 hobgoblins
  6 jackals (D:1)
  3 quokkas
  5 ball pythons
  2 bats (D:1)
  2 frilled lizards
  5 kobolds
  4 rats (D:1)
46 creatures vanquished.

Notes
Turn   | Place    | Note
-------+----------+-------------------------------------------
     0 | D:1      | ANON1729 the Octopode Brigand began the quest for the Orb.
     0 | D:1      | Reached XP level 1. HP: 14/14 MP: 1/1
   337 | D:1      | Reached XP level 2. HP: 11/19 MP: 2/2
   419 | D:1      | Upgraded the game from 0.30-a0-989-g0d87f670db to
                  | 0.30-a0-1002-ga41ad49a19
   652 | D:1      | Reached XP level 3. HP: 24/24 MP: 3/3
  1226 | D:2      | Noticed Natasha
  1237 | D:2      | Killed Natasha
  1238 | D:2      | Reached XP level 4. HP: 6/30 MP: 4/4
  1374 | D:2      | Learned a level 2 spell: Poisonous Vapours
  1567 | D:2      | Noticed Natasha
  1576 | D:2      | Killed Natasha
  1577 | D:2      | Reached skill level 6 in Stealth
  1730 | D:3      | Found a faded altar of an unknown god.
  1798 | D:3      | Noticed an ogre
  1801 | D:3      | Reached skill level 1 in Poison Magic
  1813 | D:3      | Found a sacrificial altar of Ru.
  1847 | D:3      | Mangled by an ogre

Illustrated notes

Levels and vault maps discovered:
D:1:      kennysheep_arrival_seaside, layout_loops_cross, minmay_bisected
D:2:      layout_basic, due_unseen_surprise, uniq_natasha
D:3:      layout_rooms, nicolae_ru_awakened_eye,
          gammafunk_temple_overflow_statue, ebering_ecumenical_altar_petrified,
          amcnicky_mini_pool_small, minmay_ogre_servants

Skill      XL: |  1  2  3  4 |
---------------+-------------+-----
Stealth        | 6 |  6.0
Dodging        | 2 |  2.0
Poison Magic   | 1 |  1.0
Fighting       | |  2.6
Short Blades   | |  2.7
Throwing       | |  2.5
Spellcasting   | |  0.2
Air Magic      | |  0.4

Action                     |  1- 3 |  4- 6 || total
---------------------------+-------+-------++-------
  Melee: Dagger            |    66 |       ||    66
         Constrict         |    16 |     5 ||    21
         Tentacles         |    10 |     5 ||    15
         Short sword       |     6 |    22 ||    28
         Punch             |       |     2 ||     2
  Throw: Dart              |       |     1 ||     1
   Stab: Sleeping          |     8 |     4 ||    12
         Distracted        |     1 |       ||     1
 Armour: Skin              |     2 |     1 ||     3
  Dodge: Dodged            |    51 |    15 ||    66

Table legend: (Time is in decaauts)
 A = Elapsed time spent in this place.
 B = Non-inter-level travel time spent in this place.
 C = Inter-level travel time spent in this place.
 D = Time resting spent in this place.
 E = Time spent auto-exploring this place.
 F = Levels seen in this place.
 G = Mean time per level.
                   A        B        C        D        E       F      G
               +--------+--------+--------+--------+--------+-----+--------+
         Total |   1839 |   1706 |    133 |    151 |   1195 |   3 |  613.0 |
       Dungeon |   1839 |   1706 |    133 |    151 |   1195 |   3 |  613.0 |
               +--------+--------+--------+--------+--------+-----+--------+

Top non-repeatable levels by time:
     D:1: 904 daAuts
     D:2: 783 daAuts
     D:3: 151 daAuts
